 Dungeon Crawl Stone Soup version 0.24-a0-549-g45f0056d81 (webtiles) character file.

Game seed: 11120371911660304177

196 Kisielow the Cudgeler (level 5, -2/32 HPs)
             Began as a Gargoyle Fighter on Aug 20, 2019.
             Slain by an orc
             ... wielding a +0 short sword
              (3 damage)
             ... on level 3 of the Dungeon.
             The game lasted 00:03:14 (1732 turns).

Kisielow the Cudgeler (Gargoyle Fighter)            Turns: 1732, Time: 00:03:14

Health: -2/32      AC: 17    Str: 20    XL:     5   Next: 75%
Magic:  5/5        EV:  3    Int: 11    God:
Gold:   47         SH:  9    Dex:  9    Spells: 4/4 levels left

rFire    . . .     SeeInvis .   a - +0 flail
rCold    . . .     Gourm    .   c - +0 shield
rNeg     + . .     Faith    .   o - +0 plate armour
rPois    ∞         Spirit   .   (no helmet)
rElec    +         Reflect  .   (no cloak)
rCorr    .         Harm     .   s - +0 pair of gloves
MR       .....                  b - +0 pair of boots
Stlth    ..........             (no amulet)
HPRegen  0.10/turn              n - +2 ring of intelligence
MPRegen  0.09/turn              (no ring)

@: hasted, very quick
A: negative energy resistance 1, electricity resistance, unbreathing,
petrification resistance, rot immunity, AC +4
a: no special abilities


You were on level 3 of the Dungeon.
You were not hungry.

You visited 1 branch of the dungeon, and saw 3 of its levels.

You collected 47 gold pieces.

Inventory:

Hand Weapons
 a - a +0 flail (weapon)
Armour
 b - a +0 pair of boots (worn)
 c - a +0 shield (worn)
 o - a +0 plate armour (worn)
 s - a +0 pair of gloves (worn)
Jewellery
 n - a +2 ring of intelligence (left hand)
Scrolls
 e - a scroll of fog {unknown}
 g - a scroll of amnesia {unknown}
 h - a scroll of enchant weapon {unknown}
 j - 2 scrolls of identify {unknown}
 l - a scroll of teleportation {unknown}
 q - a scroll of random uselessness {unknown}
 r - a scroll of remove curse {unknown}
 t - a scroll of immolation {unknown}
Potions
 d - a potion of might
 k - a potion of agility {unknown}
 p - a potion of heal wounds {unknown}
Comestibles
 f - 5 rations
 m - 4 chunks of flesh


   Skills:
 + Level 3.5 Fighting
 * Level 5.3 Maces & Flails
 + Level 3.5 Armour
 + Level 3.5 Shields


You had 4 spell levels left.
You didn't know any spells.
Your spell library was empty.

Dungeon Overview and Level Annotations

Branches:
Dungeon (3/15)

Altars:
Okawaru

Annotations:
D:3 3 runed translucent doors, demivan's ghost, amateur GnSk


Innate Abilities, Weirdness & Mutations

You are resistant to torment.
Your stone body is resilient. (AC +4)
You are immune to poison.
You resist negative energy. (rN+)
You are resistant to electric shocks. (rElec)
You can survive without breathing.
You are immune to petrification.
You are immune to rotting.


Message History

The orc hits you but does no damage. Something hits you.
* * * LOW HITPOINT WARNING * * *
You miss something. Something hits you but does no damage.
The rat bites you but does no damage. You block the orc's attack.
You hear some strange, mumbled words.
A magic dart appears from out of thin air!
The magic dart hits you!
* * * LOW HITPOINT WARNING * * *
You hit something.
Reactivating autopickup.
You feel a bit more experienced.
The rat twitches its whiskers.
The rat bites you but does no damage.
The phantom hits you but does no damage.
The orc hits you but does no damage.
It was a potion of haste.
You feel yourself speed up. The rat bites you but does no damage.
The phantom hits you but does no damage.
The orc hits you with a +0 short sword.
You die...

####.# .....# .#P.PP.
.... .....# ....... ...
.....# ........ ...
.....###P.......#..
............#.....#
.....#.....##.....# ..
...r......... #Wo.# ...
.#........... #.@r###...
.#........... #)†)......
.#...........##.........
.#####..................
##.⌠.########..........>
#K#.#.# #...).......
+KK#.. ######..†##......
+KKK...#..).....# ......
+K.#...#........##...###


You could see a phantom, an orc and a rat.

Vanquished Creatures
  An orc wizard (D:3)
  4 adders
  4 gnolls (D:2)
  3 worms (D:2)
  4 dart slugs
  3 leopard geckos
  8 orcs (D:3)
  4 giant cockroaches
  5 goblins
  8 hobgoblins
  3 jackals (D:1)
  3 kobolds
  A quokka (D:2)
  6 bats
  4 frilled lizards
  8 rats
69 creatures vanquished.

Notes
Turn   | Place    | Note
-------+----------+-------------------------------------------
     0 | D:1      | Kisielow the Gargoyle Fighter began the quest for the Orb.
     0 | D:1      | Reached XP level 1. HP: 14/14 MP: 1/1
    81 | D:1      | Reached XP level 2. HP: 19/19 MP: 2/2
   213 | D:1      | Reached skill level 3 in Maces & Flails
   305 | D:1      | Reached XP level 3. HP: 22/23 MP: 3/3
   684 | D:2      | Reached skill level 4 in Maces & Flails
   811 | D:2      | Reached XP level 4. HP: 28/28 MP: 4/4
  1159 | D:2      | Reached skill level 5 in Maces & Flails
  1159 | D:2      | Reached XP level 5. HP: 23/32 MP: 5/5
  1515 | D:3      | Found a runed translucent gate.
  1516 | D:3      | Found a runed translucent gate.
  1518 | D:3      | Found a runed translucent gate.
  1518 | D:3      | Noticed a big kobold
  1518 | D:3      | Noticed demivan's ghost (amateur GnSk)
  1524 | D:3      | Noticed a big kobold
  1644 | D:3      | Found an iron altar of Okawaru.
  1725 | D:3      | Noticed a phantom
  1730 | D:3      | HP: 1/32 [something/magic dart (7)]
  1732 | D:3      | Slain by an orc

Levels and vault maps discovered:
D:1:      lightli_iron_boxes, layout_rooms
D:2:      layout_basic, first_ration
D:3:      layout_basic, overflow_temple_1_default, grunt_temple_overflow_open,
          makhleb_grotto_becter, kiku_gazebo_garden_becter, lemuel_doored_altar,
          minitemple, gammafunk_ghost_nasty_kobolds

Skill      XL: |  1  2  3  4 |
---------------+-------------+-----
Maces & Flails | 3 4 5 |  5.3
Fighting       | |  3.5
Armour         | |  3.5
Shields        | |  3.5

Action                   |  1- 3 |  4- 6 || total
-------------------------+-------+-------++-------
Melee: Flail             |   113 |   165 ||   278
  Use: Potion            |       |     1 ||     1
  Eat: Chunk             |       |     3 ||     3
Armor: Scale mail        |    69 |     6 ||    75
       Plate armour      |       |   129 ||   129
Dodge: Dodged            |    44 |    26 ||    70
Block: Shield            |    59 |    82 ||   141

Table legend:
 A = Non-vault XP
 B = Vault XP
 C = Vault XP percentage of total XP
 D = Non-vault monster count
 E = Vault monster count
 F = Vault count percentage of total count
                 A         B        C        D         E       F
            +---------+---------+-------+---------+---------+-------
      Total |     281 |       0 |   0.0 |      69 |       0 |   0.0
            +---------+---------+-------+---------+---------+-------
        D:1 |      52 |       0 |   0.0 |      26 |       0 |   0.0
        D:2 |     133 |       0 |   0.0 |      23 |       0 |   0.0
        D:3 |      96 |       0 |   0.0 |      20 |       0 |   0.0
            +---------+---------+-------+---------+---------+-------
